Map: Deathaura LE

Players

Massa

  • Race: Terran Terran
  • League: Platinum
  • Spawn Location: 5:00

jjjj - Winner!

  • Race: Terran Terran
  • Spawn Location: 11:00

VOD

Have the link to the VOD?

Description

Time

  • Played on: Jan. 6, 2021, 6:08 p.m.
  • Length: 39:53
Show
View Real Time Build Order
Export as new Build Order

Massa Terran 

Build Orders:  

Get SALT Encoding   

  12  0:00  SCV  
  13  0:12  SCV  
  14  0:17  Supply Depot  
  14  0:24  SCV  
  15  0:39  SCV  
  15  0:41  Barracks  
  16  0:47  Refinery  
  16  0:51  SCV  
  17  1:03  SCV  
  18  1:15  SCV  
  19  1:27  SCV  
  19  1:30  Supply Depot  
  19  1:31  Reaper  
  22  1:42  Orbital Command  
  21  1:54  Command Center  
  21  2:09  SCV  
  22  2:22  SCV  
  23  2:27  Command Center  
  23  2:33  Marine  
  24  2:44  Factory  
  24  2:48  SCV  
  25  2:52  Barracks  
  25  3:00  SCV  
  25  3:04  Supply Depot  
  26  3:08  Refinery  
  26  3:12  Barracks  
  26  3:17  Barracks Tech Lab  
  26  3:21  Orbital Command  
  26  3:26  SCV  
  27  3:39  Engineering Bay  
  27  3:41  Factory Tech Lab  
  27  3:46  SCV  
  27  3:47  SCV x2  
  27  3:48  Marine  
  31  3:59  SCV x2  
  31  4:00  Siege Tank  
  36  4:04  SCV  
  36  4:05  Marine  
  38  4:11  SCV  
  38  4:12  Starport, Marine  
  38  4:13  Marine  
  41  4:23  Marine  
  42  4:25  Stimpack  
  42  4:26  SCV  
  42  4:27  SCV  
  42  4:29  SCV  
  42  4:30  Marine  
  48  4:31  Marauder  
  48  4:38  SCV  
  49  4:39  SCV, Siege Tank  
  49  4:42  SCV  
  49  4:44  Marine  
  55  4:49  Medivac  
  55  4:50  SCV  
  55  4:51  SCV  
  59  4:54  SCV  
  60  5:02  SCV  
  60  5:04  Refinery  
  60  5:06  SCV x2  
  63  5:08  Refinery  
  63  5:14  SCV  
  63  5:18  Sensor Tower, Missile Turret  
  63  5:20  Missile Turret  
  64  5:26  Barracks Reactor x2  
  64  5:40  SCV x2  
  66  5:52  SCV x2  
  68  6:04  SCV  
  68  6:10  Supply Depot  
  68  6:11  Starport Reactor, Supply Depot x2  
  69  6:12  Supply Depot x2  
  69  6:13  Combat Shield  
  69  6:20  Planetary Fortress  
  69  6:31  Marine x4  
  69  6:32  SCV x2, Marauder  
  77  6:33  Siege Tank  
  77  6:36  Barracks, Supply Depot  
  77  6:39  Barracks  
  80  6:44  SCV x2  
  82  6:48  Sensor Tower  
  82  6:49  Marine x2  
  82  6:53  Marauder  
  86  6:55  Viking x2  
  86  6:56  SCV x2, Command Center  
  92  7:03  Starport  
  92  7:08  SCV x2  
  94  7:13  SCV  
  94  7:15  Marauder  
  97  7:20  SCV x2, Marine x4  
  103  7:24  Siege Tank  
  103  7:25  SCV  
  103  7:27  Medivac  
  103  7:28  Barracks Tech Lab  
  103  7:29  Barracks Reactor  
  108  7:32  SCV x2  
  108  7:36  Marauder  
  113  7:37  SCV  
  113  7:38  Marine x4  
  117  8:00  Marauder  
  109  8:07  Refinery  
  109  8:08  Refinery  
  109  8:09  Starport Tech Lab  
  109  8:21  Marauder  
  109  8:25  SCV x3  
  114  8:28  Siege Tank  
  114  8:29  Marauder  
  114  8:30  Concussive Shells  
  114  8:31  Marine x3  
  114  8:32  Marine x2  
  114  8:33  Raven  
  126  8:37  SCV x3  
  129  8:43  Marauder  
  129  8:46  Sensor Tower  
  131  8:52  Missile Turret  
  131  8:55  SCV, Sensor Tower  
  132  8:56  Planetary Fortress  
  132  9:10  Supply Depot x2  
  132  9:11  Supply Depot  
  132  9:12  Supply Depot  
  132  9:13  Missile Turret, Supply Depot  
  132  9:14  Missile Turret, Supply Depot  
  132  9:16  Supply Depot  
  132  9:18  Terran Infantry Armor Level 1  
  132  9:20  Engineering Bay  
  132  9:24  Armory  
  132  9:28  Armory  
  132  9:32  SCV x3, Marauder x2, Siege Tank  
  132  9:34  Supply Depot  
  132  9:35  Raven, Missile Turret, Supply Depot  
  132  9:36  Missile Turret  
  132  9:38  Corvid Reactor  
  144  9:44  SCV  
  145  9:47  Viking x2  
  145  9:50  Marine x4  
  145  9:51  Marine x2  
  155  9:54  Marauder  
  157  10:02  Refinery  
  157  10:04  Refinery, Siege Tank  
  160  10:14  Command Center  
  160  10:16  Supply Depot  
  160  10:24  Missile Turret  
  160  10:32  Raven  
  160  10:34  Viking x2  
  166  10:39  Supply Depot  
  165  10:45  Missile Turret  
  165  10:56  Marauder x2  
  169  10:57  Marine x6  
  169  10:59  Siege Tank  
  169  11:04  Viking x2  
  178  11:05  SCV x4  
  178  11:06  Supply Depot  
  186  11:14  Raven, Marine  
  186  11:15  Marine x5  
  186  11:17  SCV x2, Marauder x2  
  176  12:36  Marauder x2  
  176  12:37  Marine  
  145  12:45  SCV  
  145  12:46  SCV x3  
  149  12:58  SCV x4, Marauder x2  
  138  13:17  Marine x2  
  138  13:18  Marine x2, Siege Tank  
  138  13:19  Marauder x2  
  149  13:24  Marine  
  149  13:25  Marine  
  151  13:27  Terran Infantry Armor Level 2, Terran Infantry Weapons Level 1  
  151  13:29  Terran Vehicle And Ship Armor Level 1, Terran Vehicle Weapons Level 1  
  151  13:35  Marine x4  
  151  13:40  Marauder  
  151  13:41  Marauder  
  157  13:42  Marine x2  
  159  13:50  Siege Tank  
  159  13:53  Marine x2  
  164  14:02  Marauder x2  
  168  14:03  Medivac x3  
  174  14:23  Marauder, Siege Tank  
  132  14:33  Viking, Medivac x2  
  132  14:34  SCV  
  132  14:35  SCV x3  
  142  14:42  Supply Depot  
  142  14:44  Supply Depot x2  
  142  14:46  SCV  
  142  14:47  SCV  
  142  14:50  Planetary Fortress  
  142  14:51  SCV  
  142  14:52  SCV  
  146  14:55  Siege Tank  
  146  14:59  SCV x2, Marauder  
  155  15:00  Marauder, Marine  
  155  15:01  Marine x5  
  155  15:03  Raven, Viking  
  155  15:06  Supply Depot  
  165  15:13  Supply Depot  
  165  15:14  Supply Depot  
  165  15:15  Ghost Academy  
  165  15:18  Marine x6  
  165  15:21  Marauder x2  
  175  15:23  Command Center  
  175  15:26  Refinery  
  175  15:27  Refinery  
  175  15:30  Supply Depot  
  175  15:36  Marine x6  
  175  15:37  Supply Depot  
  175  15:42  Marauder x2  
  185  15:46  Raven  
  185  15:48  Terran Vehicle And Ship Armor Level 2, Terran Vehicle Weapons Level 2  
  185  15:49  Terran Infantry Weapons Level 2  
  187  15:50  Terran Infantry Armor Level 3  
  187  15:52  Personal Cloaking  
  187  15:53  Marine  
  188  16:01  Hyperflight Rotors  
  188  16:04  Smart Servos, Marauder x2  
  192  16:23  Command Center  
  192  16:25  Marauder  
  194  16:47  Command Center  
  194  17:18  Nuke  
  194  17:23  Drilling Claws  
  194  17:24  Missile Turret  
  194  17:43  Factory  
  193  17:44  Factory  
  192  18:01  Cloaking Field  
  192  18:02  Orbital Command  
  189  18:16  Planetary Fortress  
  189  18:17  Command Center  
  189  18:42  Mag-Field Accelerator, Sensor Tower  
  189  19:08  Unknown  
  189  19:10  Unknown  
  189  19:24  Factory Tech Lab x2  
  189  19:32  Terran Vehicle And Ship Armor Level 3, Terran Vehicle Weapons Level 3  
  189  19:34  Terran Infantry Weapons Level 3  
  189  19:35  Hi-Sec Auto Tracking  
  98  19:53  Marauder x2, Marine  
  98  19:54  Siege Tank x2  
  98  19:55  Siege Tank  
  98  19:58  Viking x3  
  113  20:04  Planetary Fortress  
  112  20:14  Marauder  
  112  20:15  Marauder  
  105  20:21  Infernal Pre-Igniter  
  105  20:26  Siege Tank x2  
  105  20:27  Siege Tank  
  105  20:28  Medivac, Viking x2  
  119  20:31  Marine x6  
  119  20:32  Neosteel Armor  
  127  20:36  Marauder x2  
  127  20:38  Barracks  
  127  20:39  Barracks  
  129  20:43  Barracks  
  129  20:49  Marine x6  
  137  20:57  Marauder x2  
  137  20:58  Raven, Medivac, Siege Tank  
  146  21:06  Marine  
  146  21:07  Marine x5  
  154  21:18  Marauder  
  154  21:19  Marauder  
  154  21:22  Unknown  
  134  21:36  Marine  
  110  21:40  Marauder x2  
  110  21:41  Raven, Viking x2  
  111  22:01  Marauder  
  111  22:02  Marauder  
  110  22:10  Thor x3  
  110  22:11  Viking x2  
  110  22:15  Marine x6  
  133  22:19  Barracks Reactor  
  133  22:20  Barracks Tech Lab x2  
  134  22:22  Marauder  
  134  22:23  Raven, Marauder  
  129  22:33  Marine x6  
  133  22:41  Planetary Fortress, Viking x2  
  139  22:44  Marauder x2  
  139  22:48  SCV x4  
  139  22:49  SCV x3  
  139  22:50  Marine  
  149  22:51  Marine x5  
  149  22:53  Thor x3  
  149  22:54  Marauder x2  
  149  22:55  Marine  
  149  22:56  Marine  
  178  23:00  SCV x3  
  178  23:05  Marauder  
  177  23:06  Marauder, Viking  
  177  23:08  Marine  
  177  23:09  Marine x5  
  177  23:11  Viking x2  
  181  23:13  Marine  
  181  23:14  Marine  
  181  23:16  Marauder x2  
  187  23:26  Marine  
  187  23:27  Marauder x2, Marine x5  
  197  23:35  Missile Turret  
  197  23:36  Viking  
  199  23:46  Missile Turret  
  199  23:47  Unknown, Marine  
  199  23:48  Missile Turret  
  200  23:49  Missile Turret  
  200  23:55  Missile Turret  
  200  24:16  Missile Turret  
  200  24:21  Terran Ship Weapons Level 1  
  200  24:33  Refinery  
  200  24:35  Refinery  
  200  24:37  Missile Turret  
  200  24:54  Sensor Tower  
  200  25:04  Missile Turret  
  200  25:15  Missile Turret  
  200  25:16  Missile Turret  
  200  25:17  Missile Turret  
  200  25:23  Missile Turret  
  198  25:36  Missile Turret  
  198  25:37  Missile Turret x2  
  186  25:45  Missile Turret  
  181  25:57  Missile Turret  
  181  25:58  Missile Turret  
  181  25:59  Missile Turret x2  
  181  26:08  Sensor Tower  
  177  26:12  Missile Turret  
  177  26:17  SCV x6  
  172  26:28  Missile Turret  
  172  26:29  SCV x2  
  174  26:55  SCV  
  174  26:56  SCV x2, Sensor Tower  
  174  27:02  Siege Tank x2  
  174  27:03  Siege Tank  
  174  27:05  Raven  
  174  27:06  Viking  
  174  27:07  Viking  
  189  27:36  Viking  
  189  27:37  Viking  
  193  27:48  Raven  
  195  28:06  Viking x2  
  197  28:36  Medivac x2  
  197  28:39  Viking  
  197  29:06  Viking  
  94  30:08  Marauder x3  
  94  30:09  Marauder, Marine x5  
  94  30:13  Command Center  
  107  30:17  Missile Turret x2  
  107  30:18  Missile Turret  
  107  30:19  Missile Turret  
  107  30:20  Missile Turret  
  107  30:21  Missile Turret x2  
  107  30:22  Missile Turret x2  
  107  30:25  Missile Turret  
  107  30:26  Thor x3  
  107  30:27  Unknown  
  115  30:29  Marauder, Raven  
  115  30:30  Marauder, Viking x2  
  115  30:34  Terran Ship Weapons Level 2  
  112  30:57  Missile Turret  
  112  30:58  Missile Turret  
  116  31:08  Thor  
  116  31:09  Thor x2  
  134  31:12  SCV x3  
  134  31:13  SCV  
  136  31:18  Missile Turret x2  
  136  31:20  Command Center  
  136  31:24  SCV  
  136  31:25  SCV x3  
  140  31:26  Starport  
  138  31:36  SCV  
  138  31:37  SCV x3  
  138  31:38  Missile Turret  
  142  31:40  Missile Turret  
  142  31:48  SCV  
  142  31:51  Thor  
  142  31:52  Thor  
  153  31:58  Missile Turret  
  153  32:02  Starport  
  153  32:14  Missile Turret  
  153  32:16  Missile Turret  
  153  32:17  Missile Turret  
  153  32:20  Missile Turret  
  153  32:29  Planetary Fortress  
  153  32:33  SCV x3  
  156  32:37  Missile Turret  
  156  32:42  Barracks Tech Lab, Missile Turret  
  156  32:48  Starport, Starport Tech Lab, Starport Reactor  
  156  32:50  Starport  
  156  32:55  Missile Turret  
  156  33:06  Fusion Core  
  156  33:16  Orbital Command  
  153  34:03  Starport Tech Lab, Starport Reactor  
  153  34:06  Viking x2  
  153  34:07  Raven  
  157  34:36  Viking x2  
  145  34:50  Raven  
  145  34:52  Raven, Viking  
  149  34:53  Viking  
  140  35:20  Viking  
  123  35:21  Viking  
  123  35:22  Viking  
  123  35:23  Viking  
  107  35:32  Raven  
  109  36:08  SCV x3  
  112  36:19  Orbital Command  
  112  36:20  SCV x3  
  115  36:41  Fusion Core  
  115  37:00  Supply Depot  
  115  37:03  Supply Depot  
  115  37:04  Marauder, Marine  
  115  37:08  Supply Depot  
  118  37:22  Supply Depot  
  118  37:27  Supply Depot  
  118  37:30  Supply Depot  
  118  37:38  Armory  
  118  37:46  Supply Depot  
  118  37:47  Sensor Tower  
  118  37:53  Supply Depot  
  118  37:57  Viking x3  
  124  37:58  Raven x2  
  124  38:00  Viking  
Show
View Real Time Build Order
Export as new Build Order

jjjj Terran - Winner!

Build Orders: Mech 

Get SALT Encoding   

  12  0:00  SCV  
  13  0:13  SCV  
  14  0:18  Supply Depot  
  14  0:25  SCV  
  15  0:40  SCV  
  16  0:42  Barracks  
  16  0:52  SCV  
  17  0:57  Refinery  
  18  1:04  SCV  
  18  1:16  SCV  
  19  1:29  Marine  
  19  1:31  Orbital Command  
  20  1:37  Command Center  
  20  1:47  Marine  
  20  1:49  Supply Depot  
  21  2:01  Bunker  
  21  2:02  SCV  
  22  2:18  SCV  
  22  2:19  Barracks Reactor  
  23  2:30  SCV  
  24  2:40  Command Center  
  24  2:42  SCV  
  24  2:43  Refinery  
  25  2:48  Factory  
  25  2:54  Orbital Command  
  25  2:57  SCV  
  26  3:01  Marine x2  
  28  3:09  SCV  
  29  3:22  SCV x2  
  31  3:29  Marine  
  31  3:30  Marine  
  33  3:34  SCV x2  
  33  3:39  Starport  
  33  3:41  Factory Tech Lab  
  35  3:46  SCV x2, Engineering Bay  
  37  3:55  Orbital Command  
  36  3:58  SCV  
  36  4:00  Factory  
  37  4:03  Siege Tank  
  37  4:05  SCV  
  37  4:09  Refinery  
  41  4:10  SCV  
  41  4:16  Starport Reactor  
  42  4:20  Missile Turret  
  42  4:25  Missile Turret  
  42  4:26  SCV x3  
  42  4:30  Refinery  
  45  4:40  SCV, Factory  
  45  4:41  SCV x2  
  48  4:53  SCV x3  
  48  4:59  Viking x2  
  55  5:05  SCV x3  
  58  5:07  Siege Tank  
  58  5:12  Factory Tech Lab  
  61  5:18  Missile Turret  
  61  5:32  SCV x2, Viking x2  
  67  5:37  Supply Depot  
  67  5:40  Missile Turret  
  67  5:41  Supply Depot  
  67  5:57  Armory  
  67  5:59  Supply Depot  
  67  6:00  Armory  
  67  6:02  Armory  
  66  6:04  Supply Depot  
  66  6:06  Orbital Command  
  66  6:14  Siege Tank x2  
  66  6:15  Hellion  
  66  6:16  Hellion  
  76  6:23  SCV x2  
  78  6:26  Refinery  
  78  6:30  Refinery  
  78  6:35  SCV x3  
  78  6:37  Hellion x2  
  78  6:39  Infernal Pre-Igniter  
  85  6:41  Liberator  
  85  6:47  Widow Mine, SCV x2  
  90  6:48  SCV  
  93  6:57  Terran Vehicle And Ship Armor Level 1, Terran Vehicle Weapons Level 1  
  93  6:58  Hellion x2  
  93  7:00  SCV x3  
  100  7:09  Command Center  
  100  7:12  SCV  
  101  7:20  Missile Turret  
  101  7:29  Hi-Sec Auto Tracking  
  101  7:37  Factory  
  101  7:40  Factory  
  101  7:41  SCV  
  101  7:42  SCV x2  
  101  7:43  Hellion  
  100  7:53  SCV  
  70  8:12  Viking x2  
  101  8:13  SCV x2, Hellion  
  109  8:21  SCV  
  109  8:24  Missile Turret  
  109  8:25  SCV, Supply Depot  
  109  8:26  Supply Depot  
  111  8:35  Terran Ship Weapons Level 1  
  111  8:37  Thor x2  
  111  8:38  Hellion x2  
  127  8:41  Factory Tech Lab  
  127  8:42  Factory Reactor  
  127  8:43  Smart Servos  
  127  8:50  Supply Depot  
  127  8:51  Supply Depot  
  127  8:57  Sensor Tower  
  127  8:58  Command Center  
  127  9:01  Missile Turret  
  127  9:02  SCV x3  
  130  9:07  Viking x2  
  134  9:11  Starport  
  134  9:14  SCV  
  135  9:17  Supply Depot  
  135  9:19  Supply Depot  
  135  9:20  Siege Tank  
  138  9:25  Missile Turret  
  138  9:28  Missile Turret  
  138  9:31  Terran Vehicle And Ship Armor Level 2  
  138  9:34  Terran Vehicle Weapons Level 2  
  138  9:36  Hellion x4  
  138  9:37  Hellion x2  
  150  9:46  Missile Turret  
  150  9:51  Starport Tech Lab  
  150  9:54  Missile Turret  
  150  10:02  Factory  
  150  10:07  Orbital Command  
  150  10:09  Factory  
  150  10:14  Supply Depot  
  150  10:19  Raven  
  150  10:20  Viking x2  
  156  10:25  Refinery  
  156  10:28  Planetary Fortress  
  155  10:30  Hellion x2  
  155  10:31  Hellion x2  
  163  10:36  Supply Depot  
  163  10:52  Refinery  
  163  10:55  Command Center  
  163  11:00  Supply Depot  
  163  11:09  Orbital Command  
  163  11:11  Missile Turret  
  163  11:12  Missile Turret x3  
  163  11:13  Command Center  
  163  11:16  Sensor Tower  
  163  11:23  Supply Depot  
  162  11:30  Missile Turret  
  162  11:32  Missile Turret  
  161  11:39  Siege Tank  
  164  11:40  Siege Tank  
  164  11:43  Thor  
  164  11:45  Hellion x4  
  164  11:46  Liberator x2  
  164  11:47  Raven  
  159  12:11  Thor  
  138  12:49  Siege Tank x2  
  141  12:51  Viking x3  
  141  12:54  Siege Tank  
  135  13:17  Terran Vehicle And Ship Armor Level 3  
  135  13:18  Terran Vehicle Weapons Level 3, Terran Ship Weapons Level 2  
  135  13:20  Hellion x3  
  135  13:21  Hellion x2, Liberator x2, Viking  
  135  13:22  Factory Tech Lab, Hellion  
  135  13:25  Factory Reactor  
  135  13:26  Orbital Command  
  155  13:51  Liberator  
  156  14:01  Siege Tank x4  
  170  14:03  Hellion x3  
  147  14:43  Orbital Command  
  147  14:45  Siege Tank x3  
  153  14:46  Siege Tank  
  153  14:47  Hellion x2  
  153  14:48  Hellion x2  
  167  14:54  Refinery  
  167  14:59  Refinery  
  167  15:09  Missile Turret  
  167  15:11  Command Center, Missile Turret  
  167  15:13  Missile Turret  
  167  15:14  Sensor Tower, Missile Turret  
  167  15:35  Missile Turret  
  167  16:00  Fusion Core  
  167  16:03  Ghost Academy  
  167  16:05  Engineering Bay  
  167  16:07  Neosteel Armor  
  167  16:32  Planetary Fortress  
  167  16:34  Starport  
  167  16:44  Terran Infantry Armor Level 1  
  167  16:48  Engineering Bay  
  167  16:52  Terran Ship Weapons Level 3  
  167  16:54  Battlecruiser  
  167  16:55  Viking x2  
  181  17:01  Hellion x3  
  181  17:02  Hellion x5  
  193  17:13  Starport  
  193  17:22  Starport, Barracks Tech Lab, Hellion  
  197  17:23  Hellion  
  197  17:30  Hellion x12  
  197  17:37  Orbital Command  
  197  17:45  Refinery x2  
  197  17:47  Terran Infantry Weapons Level 1  
  197  17:50  Missile Turret x2  
  191  18:08  Thor  
  191  18:09  Thor x3  
  191  18:11  Hellion  
  199  18:15  Starport Tech Lab x2  
  199  18:38  Command Center  
  199  18:42  Command Center  
  199  18:44  Missile Turret  
  199  18:57  Missile Turret  
  199  19:06  Starport Tech Lab, Missile Turret  
  199  19:28  Missile Turret  
  193  19:47  Thor  
  193  19:48  Thor x2  
  193  19:49  Missile Turret  
  184  19:53  Missile Turret  
  184  19:57  Missile Turret  
  184  20:01  Battlecruiser x2  
  184  20:02  Raven  
  198  20:12  Missile Turret  
  198  20:14  Missile Turret  
  198  20:15  Planetary Fortress x2  
  198  20:19  Sensor Tower  
  198  20:44  Factory Reactor  
  198  20:57  Raven  
  185  21:37  Thor x2  
  185  21:38  Thor x2  
  185  21:39  Hellion x4  
  198  22:03  Weapon Refit  
  198  22:13  Command Center  
  198  22:18  Command Center x2  
  198  22:19  Command Center  
  198  22:29  Unknown  
  198  22:32  Missile Turret  
  198  22:33  Unknown  
  198  22:34  Missile Turret  
  198  22:53  Missile Turret  
  198  22:55  Missile Turret  
  198  22:56  Missile Turret  
  198  22:59  Sensor Tower  
  182  23:22  Battlecruiser x2  
  182  23:23  Battlecruiser  
  200  23:35  Planetary Fortress x2  
  200  23:36  Planetary Fortress  
  200  23:42  Advanced Ballistics  
  198  25:21  Raven  
  187  26:48  Battlecruiser x2  
  199  27:12  Terran Infantry Armor Level 2, Terran Infantry Weapons Level 2  
  199  27:15  Personal Cloaking  
  199  27:17  Stimpack  
  199  27:29  Orbital Command  
  199  27:53  Command Center  
  199  27:55  Command Center  
  199  27:56  Command Center  
  199  28:02  Command Center x2  
  196  28:14  Viking  
  196  28:15  Viking  
  194  28:30  Thor  
  200  28:40  Enhanced Shockwaves  
  199  28:57  Concussive Shells  
  196  29:22  Battlecruiser  
  181  29:48  Battlecruiser x2  
  181  29:49  Battlecruiser  
  169  30:57  Battlecruiser  
  169  30:58  Battlecruiser x2  
  187  31:20  Battlecruiser  
  193  31:35  Planetary Fortress  
  175  32:02  Battlecruiser x3  
  193  32:16  Orbital Command x4  
  193  32:24  Battlecruiser  
  199  32:35  Orbital Command  
  199  32:43  Terran Infantry Armor Level 3  
  199  32:44  Terran Infantry Weapons Level 3  
  199  32:47  Rapid Reignition System  
  199  32:51  Mag-Field Accelerator  
  197  32:53  Drilling Claws  
  197  32:55  Factory Reactor  
  197  32:57  Combat Shield  
  197  33:16  Raven  
  191  33:53  Sensor Tower  
  191  34:00  Battlecruiser  
  191  34:01  Raven  
  199  34:12  Missile Turret  
  193  35:00  Battlecruiser  
  162  35:39  Battlecruiser x3  
  162  35:41  Thor x3  
  198  35:43  Hellion  
  200  37:17  Refinery  
  200  37:40  Refinery  
  200  37:42  Missile Turret  
  200  37:48  Missile Turret  
  192  38:28  Battlecruiser  
  198  38:59  Viking  
  198  39:00  Viking x2  
Tags
 
Composition
Mech
League
Platinum
Matchup
TvT
Race
Terran
Replay Pack
Multiplayer
Spawn Locations
Cross Positions
Add a new tag
Caveats
  • Supply blocks, unpowered buildings, or Contaminate may cause inaccurate times.
  • Supply counts are checked every 10 seconds.